 Dungeon Crawl Stone Soup version 0.31-a0-263-ge8cad7f256 (webtiles) character file.

Game seed: 14036197767551218360

192 qw the Shooter (level 5, -2/31 HPs)
             Began as a Gargoyle Hexslinger on July 13, 2023.
             Slain by a black bear (5 damage)
             ... on level 4 of the Dungeon.
             The game lasted 00:00:53 (2331 turns).

qw the Shooter (Gargoyle Hexslinger)                Turns: 2331, Time: 00:00:53

Health: -2/31      AC: 13    Str: 12    XL:     5   Next: 71%
Magic:  0/6        EV: 10    Int: 13    God:
Gold:   176        SH:  0    Dex: 14    Spells: 5/6 levels left

rFire   . . .        Y - +1 sling
rCold   . . .        (no shield)
rNeg    + . .        f - +0 ring mail
rPois   inf          (no helmet)
rElec   +            (no cloak)
rCorr   .            i - +2 pair of gloves
SInv    .            g - +0 pair of boots
Will    .....        e - amulet of guardian spirit
Stlth   +            (no ring)
HPRegen 0.25/turn    (no ring)
MPRegen 0.10/turn

%: guardian spirit
@: about to teleport
A: sickness immunity, AC +4, negative energy resistance 1, electricity
resistance, torment resistance 1, petrification resistance
a: no special abilities


You were on level 4 of the Dungeon.
You visited 1 branch of the dungeon, and saw 4 of its levels.

You collected 176 gold pieces.


Innate Abilities, Weirdness & Mutations

You are immune to sickness and miasma.
Your stone body is resilient. (AC +4)
You are immune to poison.
You resist negative energy. (rN+)
You are resistant to electric shocks. (rElec)
You are resistant to unholy torment.
You are immune to petrification.


   Skills:
 + Level 2.6 Fighting
 - Level 5.0 Ranged Weapons
 - Level 1.1 Armour
 - Level 1.5 Dodging
 - Level 1.0 Spellcasting
 - Level 2.6 Hexes


You had 5 spell levels left.
You knew the following spells:

 Your Spells              Type           Power      Damage    Failure   Level
a - Slow                  Hex            28%        N/A       22%         1

Your spell library contained the following spells:

 Spells                   Type           Power      Damage    Failure   Level
 Inner Flame              Hex/Fire       4%         N/A       73%         3
 Portal Projectile        Hex/Tloc       8%         N/A       73%         3
 Cause Fear               Hex            3%         N/A       91%         4

Inventory:

Hand Weapons
 Y - a +1 sling (weapon)
Armour
 f - a +0 ring mail (worn)
 g - a +0 pair of boots (worn)
 i - a +2 pair of gloves (worn)
Jewellery
 e - an amulet of guardian spirit (around neck)
Scrolls
 c - 2 scrolls of identify
 h - a scroll of teleportation
Potions
 a - a potion of might {unknown}
 b - a potion of heal wounds {unknown}
 d - a potion of invisibility {unknown}
 n - a potion of lignification {unknown}

Dungeon Overview and Level Annotations

Branches:
Dungeon (4/15)
 Temple: D:4-7

Altars:
Fedhas
Gozag
Hepliaklqana
Kikubaaqudgha
Qazlal
The Shining One


Message History

The black bear closely misses you.
You shoot a sling bullet. The sling bullet hits the black bear.
The black bear is moderately wounded.
The black bear barely misses you.
The black bear claws you but does no damage.
The black bear barely misses you.
You shoot a sling bullet.
The sling bullet closely misses the black bear.
The black bear bites you but does no damage.
The black bear claws you. x2
You shoot a sling bullet. The sling bullet hits the black bear.
The black bear is heavily wounded.
The black bear closely misses you.
The black bear claws you but does no damage.
The black bear closely misses you.
You shoot a sling bullet. The sling bullet hits the black bear!
The black bear is almost dead.
The black bear bites you but does no damage.
The black bear claws you but does no damage.
The black bear claws you.
The black bear goes berserk!
You shoot a sling bullet.
The sling bullet hits the black bear but does no damage.
The black bear is severely wounded.
The black bear closely misses you.
The black bear claws you but does no damage. x2
The black bear bites you but does no damage.
The black bear closely misses you. The black bear claws you.
You shoot a sling bullet.
The sling bullet barely misses the black bear.
The black bear bites you. The black bear claws you.
The black bear claws you but does no damage.
2331 ||| READING 2 scrolls of teleportation.
As you read the scroll of teleportation, it crumbles to dust.
You feel strangely unstable.
The black bear bites you but does no damage.
The black bear claws you but does no damage. x2
The black bear bites you.
The black bear claws you but does no damage.
The black bear claws you.
You die...

........ .## .
##......#....
..#.#.....#....
...............#
...[...........
#.............
#..h..%.......
#@..?.......
#...|....#
##......##
#........##
##..#.....# #
##.###...#..# .#
####.......# .#
##..##....#. .
#...###..##. #


You could see a black bear (berserk).

Vanquished Creatures
  A scorpion (D:4)
  A hound (D:3)
  An iguana (D:4)
  2 adders
  A worm (D:3)
  2 dart slugs
  5 endoplasms
  7 giant cockroaches
  8 goblins
  7 hobgoblins
  3 jackals (D:2)
  A kobold (D:1)
  4 ball pythons
  5 bats
  2 frilled lizards
  2 rats (D:1)
52 creatures vanquished.

Notes
Turn   | Place    | Note
-------+----------+-------------------------------------------
     0 | D:1      | qw the Gargoyle Hexslinger began the quest for the Orb.
     0 | D:1      | Reached XP level 1. HP: 12/12 MP: 2/2
     0 | D:1      | 0 ||| qw: Version: 0.3-a-52-g30416fa
     0 | D:1      | 0 ||| qw: Game counter: 7476
     0 | D:1      | 0 ||| qw: Melee chars always use a shield: true
     0 | D:1      | 0 ||| qw: God list: Okawaru
     0 | D:1      | 0 ||| qw: Allow faded altars: false
     0 | D:1      | 0 ||| qw: Do Orc after clearing Dungeon:15 true
     0 | D:1      | 0 ||| qw: Do second Lair branch before Depths: true
     0 | D:1      | 0 ||| qw: Lair rune preference: random
     0 | D:1      | 0 ||| qw: Goals: Normal
     0 | D:1      | 0 ||| PLANNING D:1-11
   131 | D:1      | Reached XP level 2. HP: 16/16 MP: 3/3
   208 | D:1      | Reached skill level 3 in Ranged Weapons
   462 | D:1      | Reached XP level 3. HP: 20/21 MP: 4/4
   507 | D:1      | 507 ||| UPGRADING to +0 pair of boots.
   573 | D:1      | 573 ||| UPGRADING to +0 pair of gloves.
   637 | D:1      | 637 ||| UPGRADING to amulet of guardian spirit.
   642 | D:1      | 642 ||| READING scroll labelled WUOSUEH EVUAC.
   643 | D:1      | 643 ||| READING scroll labelled QOTHICW GOAPEF.
   644 | D:1      | 644 ||| DROPPING scroll of poison.
  1266 | D:2      | 1266 ||| UPGRADING to +0 ring mail.
  1276 | D:2      | 1276 ||| DROPPING +0 robe.
  1277 | D:2      | 1277 ||| READING scroll labelled VULAME BORGH.
  1278 | D:2      | 1278 ||| READING 3 scrolls labelled DAP ZAFAOPSYIT.
  1671 | D:3      | Found a blossoming altar of Fedhas.
  1758 | D:3      | Reached skill level 1 in Armour
  1758 | D:3      | Reached XP level 4. HP: 18/26 MP: 2/5
  1945 | D:3      | Reached skill level 4 in Ranged Weapons
  2072 | D:3      | 2072 ||| READING scroll labelled OSOARA FURUOWE.
  2073 | D:3      | 2073 ||| READING scroll labelled RUEQUM LAOTEU.
  2074 | D:3      | 2074 ||| READING 3 scrolls labelled FINOYN TYABIO.
  2075 | D:3      | 2075 ||| READING 2 scrolls of enchant armour.
  2075 | D:3      | 2075 ||| ENCHANTING +0 pair of gloves.
  2076 | D:3      | 2076 ||| READING scroll of enchant armour.
  2076 | D:3      | 2076 ||| ENCHANTING +1 pair of gloves.
  2077 | D:3      | 2077 ||| READING scroll labelled VAD DANOIZIOR.
  2132 | D:4      | Found an ancient bone altar of Kikubaaqudgha.
  2132 | D:4      | Found a glowing golden altar of the Shining One.
  2132 | D:4      | Found a stormy altar of Qazlal.
  2133 | D:4      | 2133 ||| PLANNING SEWER
  2134 | D:4      | Found an opulent altar of Gozag.
  2135 | D:4      | Noticed a scorpion
  2161 | D:4      | Killed a scorpion
  2162 | D:4      | Reached XP level 5. HP: 14/30 MP: 2/6
  2231 | D:4      | Found a hazy altar of Hepliaklqana.
  2242 | D:4      | Reached skill level 5 in Ranged Weapons
  2307 | D:4      | Noticed a black bear
  2330 | D:4      | HP: 5/31 [black bear (3)]
  2331 | D:4      | 2331 ||| READING 2 scrolls of teleportation.
  2331 | D:4      | Slain by a black bear

Levels and vault maps discovered:
D:1:      dpeg_arrival_houses_and_road, layout_loops_cross, serial_forest,
          infiniplex_forest_corner_2, infiniplex_forest_corner_1,
          infiniplex_forest_lined_room_, infiniplex_forest_straight_4,
          infiniplex_forest_lined_room_2, infiniplex_forest_side_room,
          infiniplex_forest_clump_small, palyth_stone_intersect,
          due_unseen_surprise
D:2:      layout_loops_ring
D:3:      layout_basic, mainiacjoe_overflow_alcove_1,
          minmay_misc_feat_nine_boxes
D:4:      layout_cave_pools, nemelex_xobeh_ov_fountains_minmay,
          grunt_temple_overflow_open, pdpol_wu_jian_five_deadly_venoms,
          gup_sewer_entry_spiral

Skill      XL: |  1  2  3  4  5 |
---------------+----------------+-----
Ranged Weapons | 3 4 5 |  5.0
Fighting       | 2 |  2.6
Armour         | 1 |  1.1
Dodging        | |  1.5
Spellcasting   | |  1.0
Hexes          | |  2.6

Action                     |  1- 3 |  4- 6 || total
---------------------------+-------+-------++-------
   Fire: Sling             |   108 |    91 ||   199
    Use: Scroll            |     4 |     7 ||    11
 Armour: Robe              |    11 |       ||    11
         Ring mail         |     5 |    95 ||   100
  Dodge: Dodged            |    16 |    53 ||    69

Table legend:
 A = Non-vault XP
 B = Vault XP
 C = Vault XP percentage of total XP
 D = Non-vault monster count
 E = Vault monster count
 F = Vault count percentage of total count
                 A         B        C        D         E       F
            +---------+---------+-------+---------+---------+-------
      Total |     275 |       0 |   0.0 |      52 |       0 |   0.0
            +---------+---------+-------+---------+---------+-------
        D:1 |      39 |       0 |   0.0 |      23 |       0 |   0.0
        D:2 |      27 |       0 |   0.0 |      15 |       0 |   0.0
        D:3 |      75 |       0 |   0.0 |       9 |       0 |   0.0
        D:4 |     134 |       0 |   0.0 |       5 |       0 |   0.0
            +---------+---------+-------+---------+---------+-------
